[Event "Titled Tuesday Blitz June 29 2021"]
[White "ChessLover0108"]
[Black "pavel_skatchkov"]
[WhiteElo "2841"]
[BlackElo "2624"]
[Result "1-0"]
[Round "05"]
[TimeControl "180+1"]
[Date "2021.06.29"]
[WhiteClock "0:00:03"]
[BlackClock "0:00:03"]

1. d4 Nf6 2. c4 e6 3. Nf3 d5 4. Nc3 c6 5. Bg5 dxc4 6. e4 b5 7. e5 h6 8. Bh4 g5 9. Nxg5 hxg5 10. Bxg5 Nbd7 11. g3 Rg8 12. Bh4 Bb7 13. Bg2 Qb6 14. exf6 O-O-O 15. a4 b4 16. a5 Qa6 17. Ne4 c5 18. Qh5 cxd4 19. Qxf7 c3 20. bxc3 Ne5 21. Qxg8 Nd3+ 22. Kf1 Nf4+ 23. Kg1 Ne2+ 24. Kf1 Nxg3+ 25. Kg1 Ne2+ 26. Kf1 Nxc3+ 27. Kg1 Ne2+ 28. Kf1 Ng3+ 29. Kg1 Ne2+ 30. Kf1 Ng3+ 31. Kg1 Nxe4 32. f7 Nc3 33. Bxb7+ Qxb7 34. Bxd8 Ne2+ 35. Kf1 Qxh1+ 36. Kxe2 d3+ 37. Kxd3 Qd5+ 38. Ke2 Qe5+ 39. Kf3 Qf5+ 40. Kg2 Qe4+ 41. Kg1 Qd4 42. Bf6 Qxf6 43. Qxf8+ Kb7 44. Qg8 Qxa1+ 45. Kg2 1-0


[Site "https://www.chess.com"]

[Event "Titled Tuesday Blitz June 29 2021"]
[White "ChristopherYoo"]
[Black "tdf98pantani"]
[WhiteElo "2934"]
[BlackElo "2644"]
[Result "1/2-1/2"]
[Round "05"]
[TimeControl "180+1"]
[Date "2021.06.29"]
[WhiteClock "0:00:03"]
[BlackClock "0:00:04"]

1. e4 c6 2. d4 d5 3. exd5 cxd5 4. c4 Nf6 5. Nc3 Nc6 6. Nf3 a6 7. Ne5 Be6 8. Nxc6 bxc6 9. Qa4 Qd7 10. cxd5 Nxd5 11. Ne4 Bf5 12. Nc5 Qd6 13. Bd3 Bxd3 14. Nxd3 e6 15. Bd2 Be7 16. Rc1 Rc8 17. Ne5 O-O 18. Rxc6 Rxc6 19. Qxc6 Qb8 20. Qc2 Rc8 21. Qb3 Qxb3 22. axb3 Rb8 23. Ke2 Rxb3 24. Nd3 Bf6 25. Ra1 Bxd4 26. Rxa6 h6 27. Bc1 Nb4 28. Nxb4 Rxb4 29. Ra2 Rc4 30. Kd3 Rxc1 31. Kxd4 Rc2 32. Ke3 e5 33. Ra8+ Kh7 34. Rb8 f5 35. b4 Kg6 36. b5 Rb2 37. b6 Kg5 38. Rb7 g6 39. h3 h5 40. Rb8 h4 41. b7 Rb3+ 42. Kd2 Kf4 43. Kc2 Rb6 44. Kc3 e4 45. Kd4 g5 46. Kd5 Rb2 47. Ke6 Rb6+ 48. Kd7 Rb2 49. Kc7 Rxf2 50. Rf8 Rc2+ 51. Kd6 Rb2 52. b8=Q Rxb8 53. Rxb8 e3 54. Re8 g4 55. hxg4 fxg4 56. Kd5 h3 57. Re4+ Kg3 58. gxh3 gxh3 59. Rxe3+ Kg2 60. Re2+ Kg1 61. Ke5 h2 62. Re1+ Kg2 63. Kf4 h1=Q 64. Rxh1 Kxh1 1/2-1/2


[Site "https://www.chess.com"]

[Event "Titled Tuesday Blitz June 29 2021"]
[White "DLR7"]
[Black "TheBigBoss04"]
[WhiteElo "2611"]
[BlackElo "2780"]
[Result "1-0"]
[Round "05"]
[TimeControl "180+1"]
[Date "2021.06.29"]
[WhiteClock "0:00:48"]
[BlackClock "0:00:29"]

1. e4 g6 2. d4 Bg7 3. Nc3 d6 4. Nf3 a6 5. a4 b6 6. Bc4 e6 7. Bg5 Ne7 8. Qd2 h6 9. Bf4 g5 10. Be3 Ng6 11. O-O-O Nd7 12. h4 gxh4 13. e5 dxe5 14. d5 Nf6 15. Qe2 Qe7 16. dxe6 Bxe6 17. Nxh4 Nxh4 18. Rxh4 b5 19. Qf3 e4 20. Nxe4 Nxe4 21. Bxe6 O-O 22. Bxf7+ Rxf7 23. Qxe4 Qf6 24. Qxa8+ Rf8 25. Qd5+ Kh8 26. Rhd4 c5 27. Qxc5 bxa4 28. Qa3 Qg6 29. Rd7 Rc8 30. Qd3 Qxg2 31. Rxg7 1-0


[Site "https://www.chess.com"]

[Event "Titled Tuesday Blitz June 29 2021"]
[White "DenLaz"]
[Black "grzechu96"]
[WhiteElo "2848"]
[BlackElo "2639"]
[Result "1-0"]
[Round "05"]
[TimeControl "180+1"]
[Date "2021.06.29"]
[WhiteClock "0:00:26"]
[BlackClock "0:00:04"]

1. d4 d5 2. c4 c6 3. Nf3 Nf6 4. e3 Bg4 5. h3 Bh5 6. Nc3 e6 7. g4 Bg6 8. Ne5 Nbd7 9. h4 dxc4 10. Nxg6 hxg6 11. g5 Nd5 12. Bxc4 Be7 13. e4 N5b6 14. Be2 c5 15. Be3 Rc8 16. d5 exd5 17. exd5 Bd6 18. a4 Ne5 19. a5 Na8 20. Qa4+ Nd7 21. Bg4 a6 22. Kf1 b5 23. axb6 Nxb6 24. Qe4+ Qe7 25. Rxa6 Ra8 26. Bxd7+ Kxd7 27. Qxe7+ Kxe7 28. Rxb6 Ra1+ 29. Kg2 Rxh1 30. Kxh1 Rxh4+ 31. Kg2 1-0


[Site "https://www.chess.com"]

[Event "Titled Tuesday Blitz June 29 2021"]
[White "GMG"]
[Black "nrvisakh"]
[WhiteElo "2632"]
[BlackElo "2848"]
[Result "1/2-1/2"]
[Round "05"]
[TimeControl "180+1"]
[Date "2021.06.29"]
[WhiteClock "0:00:41"]
[BlackClock "0:00:56"]

1. d4 Nf6 2. c4 e6 3. Nc3 d5 4. cxd5 Nxd5 5. e4 Nxc3 6. bxc3 c5 7. Rb1 cxd4 8. cxd4 Be7 9. Nf3 O-O 10. Be2 b6 11. O-O Bb7 12. Qd3 Nd7 13. Be3 Rc8 14. Rfc1 Rxc1+ 15. Rxc1 Qa8 16. Nd2 Rc8 17. Rxc8+ Qxc8 18. f3 Bb4 19. Qc4 Qxc4 20. Nxc4 f5 21. e5 Bd5 22. a4 Bc3 23. Nd6 Nb8 24. Nc8 Nc6 25. Bb5 Bxd4 26. Bxd4 Nxd4 27. Nxa7 Bb7 28. Bd7 Kf7 29. Nb5 Nxb5 30. Bxb5 f4 31. Kf2 g5 32. g3 Bd5 33. g4 Ke7 34. Kg2 Kd8 35. Kf2 Ke7 36. Kg2 h5 37. h3 hxg4 38. hxg4 Kd8 39. Kf2 Kc7 40. Kg2 1/2-1/2


[Site "https://www.chess.com"]

[Event "Titled Tuesday Blitz June 29 2021"]
[White "GM_Crest"]
[Black "Alexander_Moskalenko"]
[WhiteElo "2787"]
[BlackElo "2914"]
[Result "1-0"]
[Round "05"]
[TimeControl "180+1"]
[Date "2021.06.29"]
[WhiteClock "0:00:13"]
[BlackClock "0:00:06"]

1. d4 Nf6 2. c4 c5 3. d5 b5 4. cxb5 a6 5. e3 g6 6. Nc3 Bg7 7. a4 O-O 8. Nf3 Qa5 9. Bd2 Bb7 10. Be2 Qb6 11. a5 Qd8 12. b6 Nxd5 13. Nxd5 Bxd5 14. Bc3 Bxc3+ 15. bxc3 e6 16. O-O d6 17. Nd2 Qe7 18. Bf3 Nd7 19. e4 Bb7 20. Nc4 Ne5 21. Qxd6 Nxf3+ 22. gxf3 Qf6 23. Qg3 Qxc3 24. Rfc1 Qd4 25. Nd6 Bc6 26. Rd1 Qc3 27. Rdc1 Qd4 28. Nc4 Bb5 29. Qe5 Rfd8 30. Qxd4 cxd4 31. Nd2 Rd7 32. Rc5 Kf8 33. Kg2 Ke7 34. Rxb5 axb5 35. a6 Rb8 36. b7 e5 37. Nb3 Rdxb7 38. axb7 Rxb7 39. Ra6 f6 40. Kf1 Rc7 41. Rb6 Rc3 42. Nd2 Rc2 43. Ke2 Rb2 44. Kd3 h5 45. h4 Kf7 46. Rc6 Ke7 47. Rc2 Rb4 48. Rc7+ Kf8 49. f4 Ra4 50. fxe5 fxe5 51. Nf3 Ra3+ 52. Ke2 Ra2+ 53. Kf1 d3 54. Rd7 Ra1+ 55. Ne1 Ra4 56. f3 Ke8 57. Rd5 Kf7 58. Nxd3 Ra3 59. Nxe5+ Ke6 60. Ke2 1-0


[Site "https://www.chess.com"]

[Event "Titled Tuesday Blitz June 29 2021"]
[White "GigaQuparadze"]
[Black "Hikaru"]
[WhiteElo "2958"]
[BlackElo "3165"]
[Result "1-0"]
[Round "05"]
[TimeControl "180+1"]
[Date "2021.06.29"]
[WhiteClock "0:00:44"]
[BlackClock "0:00:04"]

1. e4 d5 2. exd5 Qxd5 3. Nc3 Qa5 4. Nf3 c6 5. d4 Bf5 6. Bc4 e6 7. Nh4 Bg6 8. Bd2 Qb6 9. Qe2 Nf6 10. Nxg6 hxg6 11. O-O-O Nbd7 12. d5 cxd5 13. Nxd5 Nxd5 14. Bxd5 Bc5 15. Bb3 Nf6 16. f3 O-O-O 17. Bc3 Rxd1+ 18. Rxd1 Rxh2 19. Be5 Rh8 20. Qc4 Qc6 21. Qf4 Rd8 22. Rxd8+ Kxd8 23. Bxf6+ gxf6 24. Qxf6+ Ke8 25. Qf4 Kf8 26. a3 Qd7 27. Kb1 Bd4 28. Bxe6 Qxe6 29. Qxd4 Qe1+ 30. Ka2 Qe6+ 31. b3 Qe2 32. Qc5+ Kg8 33. Qc8+ Kg7 34. Qc3+ Kg8 35. g4 b5 36. Kb2 a5 37. g5 a4 38. b4 Qg2 39. f4 Qe4 40. Qc8+ Kh7 41. Qd7 Qxf4 42. Qxb5 Qd4+ 43. Ka2 Qd2 44. Qc5 Qd7 45. b5 Qe6+ 46. Kb2 Qe4 47. b6 Kg8 48. Qc8+ Kh7 49. b7 Qe5+ 50. Qc3 Qb8 51. Qh3+ Kg7 52. Qc8 1-0


[Site "https://www.chess.com"]

[Event "Titled Tuesday Blitz June 29 2021"]
[White "Grischuk"]
[Black "OriTaichman"]
[WhiteElo "3069"]
[BlackElo "2646"]
[Result "1-0"]
[Round "05"]
[TimeControl "180+1"]
[Date "2021.06.29"]
[WhiteClock "0:01:47"]
[BlackClock "0:00:11"]

1. e4 b6 2. d4 Bb7 3. Bd3 Nf6 4. Nc3 e6 5. Nf3 Bb4 6. Nd2 c5 7. a3 Bxc3 8. bxc3 c4 9. Nxc4 d5 10. exd5 Qxd5 11. Ne3 Qc6 12. c4 O-O 13. O-O Rd8 14. Bb2 Nbd7 15. Re1 Rac8 16. f3 Qa4 17. Qe2 Ba6 18. Rad1 Rc7 19. Kh1 Rdc8 20. d5 exd5 21. cxd5 Bxd3 22. Qxd3 Re8 23. d6 Rcc8 24. Nf5 Rxc2 25. Bxf6 Rxe1+ 26. Rxe1 Nxf6 27. d7 1-0


[Site "https://www.chess.com"]

[Event "Titled Tuesday Blitz June 29 2021"]
[White "IMTominho"]
[Black "GOGIEFF"]
[WhiteElo "2847"]
[BlackElo "2988"]
[Result "0-1"]
[Round "05"]
[TimeControl "180+1"]
[Date "2021.06.29"]
[WhiteClock "0:00:06"]
[BlackClock "0:00:09"]

1. d4 Nf6 2. c4 g6 3. Nc3 Bg7 4. e4 d6 5. Be2 O-O 6. Nf3 e5 7. Be3 Ng4 8. Bg5 f6 9. Bc1 Nc6 10. d5 Ne7 11. h3 Nh6 12. O-O Nf7 13. b4 f5 14. c5 f4 15. a4 h5 16. a5 Kh7 17. a6 b6 18. cxb6 cxb6 19. Ra3 Rg8 20. b5 Bd7 21. Na2 Qe8 22. Rb3 g5 23. Nh2 g4 24. hxg4 Bf6 25. gxh5 Nh6 26. Nb4 Rg5 27. Kh1 Qg8 28. g3 Ng4 29. Nxg4 Bxg4 30. Bxg4 Rxg4 31. Nc6 Qg5 32. Kg2 Rg8 33. Rh1 Qg7 34. Qf3 Bh4 35. Rh3 Rf8 36. Qe2 Ng8 37. Kh2 Nh6 38. Bd2 Rg8 39. Be1 Bf6 40. Qf3 Rg5 41. Qe2 Rf8 42. Rf3 Rg4 43. Kg2 Bh4 44. Kh2 Rg8 45. Qf1 Bf6 46. Qh1 Rg5 47. Qf1 Kh8 48. Bd2 Qh7 49. gxf4 exf4 50. Bxf4 Ng4+ 51. Kh1 Qxe4 52. Bxg5 Rxg5 53. Qg2 Qe1+ 54. Qg1 Nxf2+ 0-1


[Site "https://www.chess.com"]

[Event "Titled Tuesday Blitz June 29 2021"]
[White "Indianlad"]
[Black "DeTimmerman"]
[WhiteElo "2959"]
[BlackElo "2807"]
[Result "1-0"]
[Round "05"]
[TimeControl "180+1"]
[Date "2021.06.29"]
[WhiteClock "0:00:45"]
[BlackClock "0:00:28"]

1. Nf3 Nf6 2. b3 e6 3. Bb2 d5 4. g3 Be7 5. Bg2 O-O 6. O-O b6 7. c4 Bb7 8. cxd5 Nxd5 9. Nc3 Nxc3 10. dxc3 Nd7 11. Qc2 c5 12. Ng5 Bxg5 13. Bxb7 Rb8 14. Be4 h6 15. Rad1 Qc7 16. c4 Bf6 17. Bc1 Rbd8 18. Rd3 Be5 19. Rfd1 Nf6 20. Rxd8 Rxd8 21. Rxd8+ Qxd8 22. Qd3 Qxd3 23. Bxd3 Kf8 24. f4 Bc7 25. e3 Ke7 26. h3 h5 27. Kg2 g6 28. Kf3 e5 29. Bb2 Nd7 30. g4 hxg4+ 31. hxg4 exf4 32. exf4 g5 33. fxg5 Ne5+ 34. Bxe5 Bxe5 35. g6 fxg6 36. Bxg6 Kf6 37. Ke4 Bc3 38. Bf5 a5 39. Bd7 Kg5 40. Kd5 a4 41. Bxa4 Kxg4 42. Kc6 Ba5 43. a3 Kf4 44. Kb5 Bc3 45. Kxb6 Bb2 46. Kxc5 Bxa3+ 47. Kb6 Ke5 48. c5 1-0


[Site "https://www.chess.com"]

[Event "Titled Tuesday Blitz June 29 2021"]
[White "Jospem"]
[Black "Duhless"]
[WhiteElo "2958"]
[BlackElo "3067"]
[Result "1/2-1/2"]
[Round "05"]
[TimeControl "180+1"]
[Date "2021.06.29"]
[WhiteClock "0:00:11"]
[BlackClock "0:00:11"]

1. e4 e5 2. Nf3 Nc6 3. Bb5 a6 4. Ba4 Nf6 5. Qe2 b5 6. Bb3 Bc5 7. d3 h6 8. c3 O-O 9. h3 d5 10. Nbd2 Re8 11. Nf1 a5 12. a4 b4 13. Be3 dxe4 14. dxe4 Qe7 15. N1d2 bxc3 16. bxc3 Ba6 17. Bc4 Bxc4 18. Qxc4 Bxe3 19. Qxc6 Bb6 20. Nc4 Qe6 21. Qxe6 Rxe6 22. Nfd2 Ne8 23. Rb1 Rd8 24. Ke2 Nd6 25. Nxb6 cxb6 26. f3 Nb7 27. Nc4 Rc8 28. Nxb6 Rc5 29. Nd5 Nd6 30. Kd3 f5 31. Rb8+ Kh7 32. Rhb1 fxe4+ 33. fxe4 h5 34. R1b6 Rg6 35. g4 hxg4 36. hxg4 Nxe4 37. Rxg6 Nf2+ 38. Ke2 Kxg6 39. Ne7+ Kf7 40. Nf5 Nxg4 41. Rb7+ Kf6 42. Nd6 Ke6 43. Ne4 Rc4 44. Kd3 Rc6 45. Rxg7 Nf6 46. Rg6 Kf5 47. Rxf6+ Rxf6 48. Nxf6 Kxf6 49. Ke4 Ke6 50. c4 Kd6 51. c5+ Kxc5 52. Kxe5 Kb4 53. Kd4 Kxa4 54. Kc3 Ka3 55. Kc2 a4 56. Kb1 Kb4 57. Ka1 a3 58. Kb1 Ka4 59. Ka1 Kb3 60. Kb1 a2+ 61. Ka1 Ka3 1/2-1/2


[Site "https://www.chess.com"]

[Event "Titled Tuesday Blitz June 29 2021"]
[White "Khamrakulov_Djurabek"]
[Black "dmitrijiIM"]
[WhiteElo "2817"]
[BlackElo "2614"]
[Result "1-0"]
[Round "05"]
[TimeControl "180+1"]
[Date "2021.06.29"]
[WhiteClock "0:00:21"]
[BlackClock "0:00:04"]

1. e4 c5 2. Nc3 Nc6 3. Bb5 Nd4 4. Nf3 g6 5. Nxd4 cxd4 6. Ne2 Bg7 7. O-O a6 8. Bd3 d5 9. c3 dxe4 10. Bxe4 d3 11. Nf4 e5 12. Re1 Ne7 13. Nxd3 f5 14. Nxe5 Bxe5 15. Bxb7 Bxh2+ 16. Kxh2 Qc7+ 17. Kg1 Bxb7 18. Qb3 O-O-O 19. d4 Rhe8 20. Bg5 h6 21. Bxh6 Rh8 22. Qe6+ Rd7 23. Qf6 Rh7 24. Re5 Nc6 25. Re8+ Nd8 26. Qxg6 Rd6 27. Qxf5+ Kb8 28. Bf4 Ka8 29. Bxd6 Qxd6 30. Qxh7 Qd5 31. f3 Ka7 32. Qe7 Nc6 33. Qc5+ Qxc5 34. dxc5 1-0


[Site "https://www.chess.com"]

[Event "Titled Tuesday Blitz June 29 2021"]
[White "MatyChess1"]
[Black "AlexOstrovskiy"]
[WhiteElo "2602"]
[BlackElo "2770"]
[Result "0-1"]
[Round "05"]
[TimeControl "180+1"]
[Date "2021.06.29"]
[WhiteClock "0:00:49"]
[BlackClock "0:01:20"]

1. e4 d5 2. exd5 Nf6 3. d4 Bg4 4. Be2 Bxe2 5. Qxe2 Qxd5 6. Nf3 e6 7. O-O Nc6 8. c4 Nxd4 9. Nxd4 Qxd4 10. Rd1 Qg4 11. f3 Bc5+ 12. Kh1 Qf5 13. Nc3 O-O 14. a3 Rad8 15. b4 Bd4 16. Bb2 e5 17. Nb5 Bxb2 18. Qxb2 e4 19. fxe4 Nxe4 20. Rxd8 Rxd8 21. Nxc7 Rd2 22. Qc1 Qg6 23. Qf1 Nf2+ 24. Kg1 Nh3+ 25. Kh1 Rf2 26. Nd5 Rxf1+ 27. Rxf1 Qe4 0-1


[Site "https://www.chess.com"]

[Event "Titled Tuesday Blitz June 29 2021"]
[White "Sharpchess22"]
[Black "FairChess_on_YouTube"]
[WhiteElo "2864"]
[BlackElo "2994"]
[Result "1/2-1/2"]
[Round "05"]
[TimeControl "180+1"]
[Date "2021.06.29"]
[WhiteClock "0:00:12"]
[BlackClock "0:00:03"]

1. e4 c5 2. Nf3 e6 3. d4 cxd4 4. Nxd4 Nc6 5. Nc3 Qc7 6. Qd3 Nxd4 7. Qxd4 a6 8. Be3 b5 9. Be2 Bb7 10. O-O b4 11. Na4 Nf6 12. Nb6 Rb8 13. e5 Nd5 14. Nxd5 Bxd5 15. c4 bxc3 16. Rac1 Bb4 17. a3 Ba5 18. b4 Bb6 19. Qxc3 Qxc3 20. Rxc3 Bxe3 21. Rxe3 Rb6 22. Rc3 Ke7 23. Rfc1 Bc6 24. Rg3 g6 25. Rc5 Bb5 26. Kf1 Ra8 27. Rgc3 Ra7 28. h4 h6 29. f4 Rc6 30. Kf2 Rxc5 31. Rxc5 d6 32. exd6+ Kxd6 33. g3 f6 34. Bf3 Bd7 35. Ke3 e5 36. Be4 exf4+ 37. gxf4 f5 38. Bf3 Bb5 39. Kd4 Re7 40. Rd5+ Kc7 41. Re5 Rd7+ 42. Bd5 Rg7 43. Kc5 g5 44. hxg5 hxg5 45. fxg5 Rxg5 46. Re7+ Kb8 47. Kb6 Rg6+ 48. Kc5 Rf6 49. Rf7 Rxf7 50. Bxf7 Kc7 51. Kd5 Bc6+ 52. Ke5 Be4 53. Bc4 Kb6 54. a4 a5 55. bxa5+ Kxa5 56. Be6 Kxa4 57. Bxf5 1/2-1/2


[Site "https://www.chess.com"]

[Event "Titled Tuesday Blitz June 29 2021"]
[White "Skat2704"]
[Black "wonderfultime"]
[WhiteElo "2642"]
[BlackElo "2865"]
[Result "0-1"]
[Round "05"]
[TimeControl "180+1"]
[Date "2021.06.29"]
[WhiteClock "0:00:21"]
[BlackClock "0:00:08"]

1. d4 d5 2. Nf3 Nf6 3. c4 c6 4. Nc3 a6 5. cxd5 cxd5 6. Bf4 Nc6 7. e3 Bg4 8. Be2 Bxf3 9. Bxf3 e6 10. O-O Bd6 11. Bg3 O-O 12. Rc1 Rc8 13. Qe2 Bxg3 14. hxg3 Qd6 15. Rfd1 Rc7 16. Na4 Rfc8 17. Nc5 g6 18. Rc3 e5 19. dxe5 Qxe5 20. Rdc1 d4 21. exd4 Qxe2 22. Bxe2 Nxd4 23. Bf1 Rd8 24. Na4 Re7 25. Rc7 Ne2+ 26. Bxe2 Rxe2 27. Rxb7 Ng4 28. Nc3 Rxf2 29. Rb4 Rdd2 30. Rf4 Rxg2+ 31. Kh1 Rh2+ 32. Kg1 Rdg2+ 33. Kf1 Ne3+ 34. Ke1 Rh1+ 0-1


[Site "https://www.chess.com"]

[Event "Titled Tuesday Blitz June 29 2021"]
[White "StockholmMissile"]
[Black "exoticprincess"]
[WhiteElo "2635"]
[BlackElo "2863"]
[Result "0-1"]
[Round "05"]
[TimeControl "180+1"]
[Date "2021.06.29"]
[WhiteClock "0:00:14"]
[BlackClock "0:01:45"]

1. d4 Nf6 2. c4 c5 3. d5 e6 4. Nc3 exd5 5. cxd5 g6 6. e4 d6 7. Bd3 Bg7 8. h3 O-O 9. Nf3 Re8 10. O-O a6 11. a4 Nbd7 12. Bf4 Nh5 13. Bxd6 Qb6 14. e5 Nxe5 15. Bxe5 Rxe5 16. Nxe5 Bxe5 17. Re1 Bd4 18. Ne2 Bg7 19. Ra3 Bd7 20. a5 Qd6 21. Be4 Bxb2 22. Ra2 Bg7 23. Bf3 Nf6 24. Qb3 Rb8 25. Nc3 b5 26. axb6 Rxb6 27. Qc4 h5 28. Na4 Rb5 29. Rc1 Bh6 30. Rd1 Bf8 31. Nc3 Rb6 32. Rb1 Rxb1+ 33. Nxb1 Bb5 34. Qb3 c4 35. Qd1 Qf4 36. Nc3 h4 37. Qb1 Bd6 38. Kf1 Qh2 39. Ra1 Be5 40. Qc1 Kg7 41. Ke2 Bd4 42. Rb1 Qe5+ 43. Kf1 Bxc3 0-1


[Site "https://www.chess.com"]

[Event "Titled Tuesday Blitz June 29 2021"]
[White "TigrVShlyape"]
[Black "Iskusnyh"]
[WhiteElo "2847"]
[BlackElo "2632"]
[Result "1/2-1/2"]
[Round "05"]
[TimeControl "180+1"]
[Date "2021.06.29"]
[WhiteClock "0:00:18"]
[BlackClock "0:00:20"]

1. d4 d5 2. Nf3 Nf6 3. Bf4 c5 4. e3 Nc6 5. Nbd2 cxd4 6. exd4 Bg4 7. c3 Qb6 8. Qb3 Qxb3 9. axb3 Rc8 10. Ne5 a6 11. Nxg4 Nxg4 12. Be2 Nf6 13. b4 e6 14. O-O Be7 15. Rfe1 O-O 16. Nb3 Nd7 17. Bd3 g6 18. g3 Rfe8 19. Kg2 Bf8 20. h4 e5 21. dxe5 Ndxe5 22. Bf1 Nc4 23. Rxe8 Rxe8 24. Bxc4 dxc4 25. Nd2 Rc8 26. Kf3 Ne7 27. Ra5 Nf5 28. h5 f6 29. g4 Ne7 30. Ne4 Nc6 31. Rd5 Be7 32. b5 axb5 33. Rxb5 Nd8 34. Rb6 Rc6 35. Rb5 Kf7 36. hxg6+ hxg6 37. Nd2 g5 38. Be3 Ke6 39. Ke4 Nf7 40. Kf3 Nd6 41. Rb6 Rxb6 42. Bxb6 Nc8 43. Bd4 b5 44. b3 Nd6 45. bxc4 Nxc4 46. Nxc4 bxc4 47. Ke4 Bd6 48. f3 Bc7 49. Be3 Be5 50. Bd4 Bf4 51. Bc5 Be5 52. Bd4 Bf4 53. Bc5 Be5 54. Bd4 1/2-1/2


[Site "https://www.chess.com"]

[Event "Titled Tuesday Blitz June 29 2021"]
[White "VladDobrov"]
[Black "Mr_Sinigami"]
[WhiteElo "2783"]
[BlackElo "2613"]
[Result "1-0"]
[Round "05"]
[TimeControl "180+1"]
[Date "2021.06.29"]
[WhiteClock "0:00:27"]
[BlackClock "0:00:10"]

1. d4 Nf6 2. c4 g6 3. g3 Bg7 4. Bg2 O-O 5. Nc3 d6 6. Nf3 Nbd7 7. O-O e5 8. h3 Re8 9. e4 exd4 10. Nxd4 Nc5 11. Re1 Bd7 12. f3 a5 13. Be3 h5 14. Qd2 Nh7 15. Rad1 Qc8 16. Kh2 Be5 17. f4 Bg7 18. Bf2 Bh6 19. Ndb5 Ne6 20. Be3 Bc6 21. Nd5 Bxb5 22. cxb5 b6 23. e5 dxe5 24. f5 Bxe3 25. Qxe3 Nd4 26. fxg6 fxg6 27. Rf1 Kg7 28. Rxd4 exd4 29. Qxd4+ Kh6 30. Rf7 Qe6 31. Qg7+ Kg5 32. h4+ 1-0


[Site "https://www.chess.com"]

[Event "Titled Tuesday Blitz June 29 2021"]
[White "dretch"]
[Black "elextranjero00"]
[WhiteElo "2825"]
[BlackElo "2621"]
[Result "1-0"]
[Round "05"]
[TimeControl "180+1"]
[Date "2021.06.29"]
[WhiteClock "0:00:51"]
[BlackClock "0:00:12"]

1. d4 Nf6 2. c4 e6 3. Nc3 Bb4 4. Qc2 d6 5. Bd2 Nc6 6. Nf3 O-O 7. a3 Bxc3 8. Bxc3 Qe7 9. b4 e5 10. d5 Nb8 11. e4 a5 12. Be2 axb4 13. axb4 Rxa1+ 14. Bxa1 Na6 15. Bc3 Bg4 16. O-O Bh5 17. Nh4 Bxe2 18. Nf5 Qd8 19. Qxe2 g6 20. Ng3 Nd7 21. Qg4 Kh8 22. f4 Qe7 23. f5 c6 24. dxc6 bxc6 25. h4 Nc7 26. h5 g5 27. f6 Qe6 28. Qxg5 Rg8 29. Qe3 Qxc4 30. Nf5 Qe6 31. Nh6 Ra8 32. Qg5 Ne8 1-0


[Site "https://www.chess.com"]

[Event "Titled Tuesday Blitz June 29 2021"]
[White "erichansen"]
[Black "Oleksandr_Bortnyk"]
[WhiteElo "2929"]
[BlackElo "3017"]
[Result "0-1"]
[Round "05"]
[TimeControl "180+1"]
[Date "2021.06.29"]
[WhiteClock "0:00:04"]
[BlackClock "0:00:06"]

1. e4 d6 2. d4 Nf6 3. Nc3 Nbd7 4. Nf3 e5 5. Bc4 Be7 6. O-O O-O 7. a4 a6 8. Re1 b6 9. h3 Bb7 10. d5 Re8 11. Be3 Nf8 12. b4 Ng6 13. Bb3 a5 14. bxa5 Rxa5 15. Nd2 Ba6 16. Nc4 Bxc4 17. Bxc4 Nd7 18. Bb5 Rf8 19. Na2 f5 20. exf5 Rxf5 21. Nb4 Nb8 22. Qg4 Rf7 23. g3 Bf6 24. Rad1 Ne7 25. Kg2 Qc8 26. Qc4 Nd7 27. Nc6 Nxc6 28. dxc6 Nf8 29. Qb3 Ne6 30. Bc4 Re7 31. Bxb6 cxb6 32. Rxd6 Kf7 33. Red1 Rc5 34. Rxe6 Rxe6 35. Rd7+ Ke8 36. Bxe6 Qxc6+ 37. Kg1 Rxc2 38. Rd1 Qc5 39. Rf1 Rc3 40. Qb5+ Qxb5 41. axb5 Be7 42. Re1 Rc5 43. Bf5 Rxb5 44. Bxh7 Kf7 45. Be4 Kf6 46. Re2 Bc5 47. Kg2 Bd4 48. h4 Rb4 49. Kf3 b5 50. Kg4 Ke6 51. Rc2 Bxf2 52. Kf3 Bxg3 53. Rc6+ Kd7 54. Rg6 Bxh4 55. Rxg7+ Be7 56. Rg6 Rc4 57. Rb6 b4 58. Bd3 Rf4+ 59. Ke2 Bc5 60. Rg6 Rf2+ 61. Kd1 b3 62. Bb5+ Ke7 63. Rc6 b2 64. Bd3 Bb4 65. Bh7 Rd2+ 0-1


[Site "https://www.chess.com"]

[Event "Titled Tuesday Blitz June 29 2021"]
[White "seorobert1971"]
[Black "MarcoRiehle"]
[WhiteElo "2778"]
[BlackElo "2610"]
[Result "1-0"]
[Round "05"]
[TimeControl "180+1"]
[Date "2021.06.29"]
[WhiteClock "0:01:06"]
[BlackClock "0:00:30"]

1. Nf3 c5 2. b3 Nc6 3. Bb2 f6 4. e4 e5 5. Bc4 Nge7 6. Nc3 Nd4 7. Nd5 Nxd5 8. Bxd5 d6 9. Nxd4 cxd4 10. c3 dxc3 11. dxc3 Qb6 12. O-O Bd7 13. Qd3 Bc6 14. Be6 Bd7 15. Bxd7+ Kxd7 16. c4 Rd8 17. Rfd1 Kc8 18. Rac1 Be7 19. Qh3+ Kb8 20. Qe6 Qc7 21. Rd3 Qd7 22. Qd5 Qc6 23. Rcd1 Qxd5 24. Rxd5 Rd7 25. Ba3 Rhd8 26. Kf1 b6 27. Ke2 Kc7 28. Bc1 Kc6 29. a4 g6 30. Be3 f5 31. f3 Rb7 32. h3 Rf8 33. g4 f4 34. Bf2 h6 35. h4 Ra8 36. Rh1 a6 37. h5 g5 38. Rc1 Bf8 39. b4 Be7 40. Rcd1 b5 41. cxb5+ axb5 42. a5 Kd7 43. Bc5 Ra6 44. Bb6 Rb8 45. Rxb5 Bd8 46. Rbd5 Bxb6 47. Rxd6+ Ke7 48. axb6 Rbxb6 49. Rd7+ Ke6 50. Rh7 Ra2+ 51. Rd2 Rxd2+ 52. Kxd2 Rxb4 53. Rxh6+ Kf7 54. Rg6 Rb2+ 55. Kd3 Rf2 56. Rxg5 Rxf3+ 57. Kc4 Kf6 58. Rg6+ Kf7 59. Kd5 Rg3 60. Kxe5 f3 61. Rg5 f2 62. Rf5+ Kg7 63. Rxf2 Rxg4 64. Rf5 Rg1 65. Ke6 Ra1 66. Rg5+ Kh6 67. Rg2 Kxh5 68. e5 Ra8 69. Kf7 Ra7+ 70. Kf6 Kh4 71. e6 Ra6 72. Kf7 Kh3 73. Rg8 Ra1 74. e7 Rf1+ 75. Ke8 Kh4 76. Rg6 Kh5 77. Rd6 Kg4 78. Kd7 Rf2 79. e8=Q Kg3 80. Qg6+ Kh2 81. Qh5+ Kg2 82. Rg6+ Kf1 83. Qd1# 1-0


[Site "https://www.chess.com"]

[Event "Titled Tuesday Blitz June 29 2021"]
[White "viditchess"]
[Black "Sanan_Sjugirov"]
[WhiteElo "3061"]
[BlackElo "2951"]
[Result "1-0"]
[Round "05"]
[TimeControl "180+1"]
[Date "2021.06.29"]
[WhiteClock "0:00:04"]
[BlackClock "0:00:04"]

1. Nf3 d5 2. g3 Bg4 3. Bg2 Nd7 4. h3 Bh5 5. O-O c6 6. d3 Ngf6 7. Qe1 e5 8. e4 Bd6 9. Nh4 O-O 10. Nc3 dxe4 11. Nxe4 Be7 12. Nf5 Bg6 13. Nxe7+ Qxe7 14. Bd2 Nd5 15. Nc3 Nxc3 16. Bxc3 Rfe8 17. Qe3 Qd6 18. Rae1 f6 19. f4 exf4 20. Qxf4 Qxf4 21. gxf4 Bf7 22. a4 Nb6 23. b3 Bd5 24. Be4 Bxe4 25. dxe4 Nd7 26. Kg2 Nc5 27. Kf3 Rad8 28. Re2 Kf7 29. Rg1 Rd7 30. h4 Ne6 31. Reg2 Rg8 32. h5 Nd4+ 33. Ke3 Ne6 34. a5 a6 35. b4 Rdd8 36. Rg3 Rde8 37. R1g2 Nc7 38. Kf3 Nb5 39. Bb2 Nd6 40. Re2 f5 41. exf5 Rxe2 42. Kxe2 Nxf5 43. Rd3 Re8+ 44. Be5 Re7 45. Kf3 Ke6 46. c4 g6 47. hxg6 hxg6 48. Kg4 Rh7 49. Kg5 Ne7 50. Rd6+ Kf7 51. Rd7 Rh5+ 52. Kg4 Ke6 53. Rxb7 Nf5 54. Rb6 Rh4+ 55. Kg5 Kf7 56. Rb7+ Ke6 57. Kxg6 Rg4+ 58. Kh7 Ne3 59. Rg7 Rh4+ 60. Kg8 Nxc4 61. Bc7 Ne3 62. Bd8 Rxf4 63. Re7+ Kd5 64. Rxe3 Rxb4 65. Bb6 c5 66. Kf7 c4 67. Kf6 Rb3 68. Re5+ Kd6 69. Re6+ Kd5 70. Re5+ Kd6 71. Rc5 Rf3+ 72. Kg5 c3 73. Kg4 Rd3 74. Kf4 Rh3 75. Ke4 Ke6 76. Rc6+ Kd7 77. Rc5 Kd6 78. Kd4 Kd7 79. Kc4 Kd6 80. Kb3 Kd7 81. Rc4 Kd6 82. Bd4 Kd5 83. Bxc3 Rh1 84. Rc7 Rb1+ 85. Bb2 Rf1 86. Ra7 Rf4 87. Rxa6 Rf3+ 88. Bc3 Kc5 89. Rb6 1-0


[Site "https://www.chess.com"]